 Dungeon Crawl Stone Soup version 0.30-a0-46-g5a63ccc183 (webtiles) character file.

Game seed: 3103221141367181654

1720 ytrimaz the Changer (level 9, -8/53 HPs)
             Began as an Octopode Transmuter on Sept 1, 2022.
             Was an Initiate of Gozag.
             Mangled by an orc warlord
             ... wielding a +3 battleaxe
              (10 damage)
             ... in a bailey.
             The game lasted 00:11:49 (5876 turns).

ytrimaz the Changer (Octopode Transmuter)           Turns: 5876, Time: 00:11:50

Health: -8/53      AC:  5    Str:  9    XL:     9   Next: 4%
Magic:  18/18      EV: 13    Int: 19    God:    Gozag
Gold:   334        SH:  0    Dex: 13    Spells: 10/20 levels left

rFire   + . .      SeeInvis .      - Unarmed
rCold   . . .      Faith    .    (no shield)
rNeg    . . .      Spirit   .    (helmet restricted)
rPois   .          Reflect  .    g - amulet of regeneration {@e2}
rElec   .          Harm     .    f - ring of willpower
rCorr   .          Rampage  .    r - ring of protection from fire
Will    +....      Clarity  +    n - +4 ring of protection
Stlth   ++........               x - ring of wizardry
HPRegen 0.97/turn                (no ring)
MPRegen 0.16/turn                (no ring)
                                 (no ring)
                                 (no ring)

@: hasted, very quick
A: almost no armour, amphibious, 8 rings, camouflage 1, gelatinous body 1,
(nimble swimmer 1), tentacles, clarity
a: Renounce Religion, Potion Petition, Call Merchant, Bribe Branch


You were in a bailey.
You worshipped Gozag.
Gozag was aware of your devotion.
You visited 2 branches of the dungeon, and saw 8 of its levels.
You also visited: Bailey.

You collected 844 gold pieces.
You paid 510 gold pieces to Gozag.


Innate Abilities, Weirdness & Mutations

You cannot wear most types of armour.
You are amphibious.
You can wear up to eight rings at the same time.
Your skin changes colour to match your surroundings (Stealth+).
Your rubbery body absorbs attacks. (AC +1, EV +1)
((You are camouflaged when in or above water. (Stealth+)))
You have tentacles for arms and can constrict up to eight enemies at once.
You possess an exceptional clarity of mind.


   Skills:
 - Level 1.0 Fighting
 - Level 2.0 Dodging
 - Level 4.1 Unarmed Combat
 + Level 6.0 Spellcasting
 + Level 6.6 Transmutations
 - Level 5.0 Ice Magic
 - Level 4.0 Poison Magic


You had 10 spell levels left.
You knew the following spells:

 Your Spells              Type           Power      Damage    Failure   Level
a - Beastly Appendage     Tmut           60%        N/A       1%          1
b - Wereblood             Tmut           30%        N/A       1%          2
c - Spider Form           Tmut/Pois      25%        N/A       1%          3
d - Ice Form              Ice/Tmut       27%        N/A       4%          4

Your spell library contained the following spells:

 Spells                   Type           Power      Damage    Failure   Level
 Shock                    Conj/Air       20%        1d4       4%          1
 Slow                     Hex            20%        N/A       4%          1
 Confusing Touch          Hex            5%         N/A       13%         3
 Swiftness                Air            5%         N/A       13%         3
 Vampiric Draining        Necr           5%         2d6       13%         3
 Airstrike                Air            2%         2d(1-17)  38%         4
 Fireball                 Conj/Fire      2%         3d4       73%         5
 Iskenderun's Battlesphe  Conj           5%         2d6       73%         5
 Conjure Ball Lightning   Conj/Air       2%         3x3d6     99%         6
 Orb of Destruction       Conj           2%         9d5       100%        7

Inventory:

Missiles
 c - 9 boomerangs {throwing}
 d - 46 stones {throwing}
 q - 9 poisoned darts {throwing}
 y - a throwing net {=f!fthrowing}
Jewellery
 f - a ring of willpower (left tentacle)
   (You found it on level 1 of the Dungeon)
 g - an amulet of regeneration (around mantle) {@e2}
   (You found it on level 2 of the Dungeon)
 n - a +4 ring of protection (on tentacle)
   (You found it on level 5 of the Dungeon)
 r - a ring of protection from fire (right tentacle)
   (You found it on level 4 of the Dungeon)
 x - a ring of wizardry (on tentacle)
   (You found it on level 6 of the Dungeon)
Wands
 l - a wand of flame (18)
   (You took it off a hobgoblin on level 3 of the Dungeon)
 t - a wand of iceblast (3)
   (You took it off an orc wizard on level 6 of the Dungeon)
Scrolls
 e - a scroll of torment {!r}
 h - 2 scrolls of immolation {!r!r}
 i - 4 scrolls of teleportation {@r4}
 m - a scroll of vulnerability {!r!r}
 o - 2 scrolls of enchant armour
 p - 5 scrolls of identify {@r1}
 s - 2 scrolls of amnesia
 v - a scroll of magic mapping {!r}
 A - 3 scrolls of fear
Potions
 a - a potion of lignification {!q}
 b - 4 potions of flight
 j - a potion of brilliance
 k - 4 potions of resistance
 w - a potion of ambrosia
 B - a potion of mutation {!q}

Dungeon Overview and Level Annotations

Branches:
Dungeon (7/15) Zot: 26963  Temple (1/1) D:6 Zot: 5998  Bailey (1/1) Zot: 5762

Altars:
Dithmenos
Gozag
Hepliaklqana
Nemelex Xobeh
Okawaru
Ru
Sif Muna
Vehumet
Wu Jian
Xom
Zin
The Shining One

Shops:
D:5

** ##...##.........##...
##.....##.......##....
##.......##~~~~~##...8.
##..8..8...#~~~~~#......
#..........#~~~~~#......
#.........)'....))....8.
#...8.....)#########....
##......####~~~#~~~##...
##....@#~~#~.....[~#...
##..go#~........?~#...
#..o##~8.8...8.8##$..
#.g.'~~........o#.$..
#...'~~....∩....#....
#...'~~.........#....
#)))##~8.8...8.8##...
##....#~........!~#...
##.....#~~#~.....:~#...


You could see an orc warlord (drained, ally target), 2 friendly gnolls and a
friendly orc (summoned).


Message History

Things that are here:
a +0 war axe {axe}; a +0 plate armour 😕 HP[+2]
You regained 2 hp, and now have 50/53 hp.
You now have 209 gold pieces (gained 7).
Things that are here:
a +0 hand axe {axe}; a +0 leather armour Your resistance to elements expires. 😕 HP[+2]
You regained 2 hp, and now have 52/53 hp. 😎 HP[+1]
Your hp is fully restored (53).
Things that are here:
a +0 hand axe {axe}; a +0 leather armour You now have 236 gold pieces (gained 27).
o - 2 scrolls of enchant armour (gained 1)
u - a scroll labelled OSHROE FOASKU
z - a potion of haste {@q3}
A - a scroll labelled GECZIK DOEXESHRAOV You now have 244 gold pieces (gained 8).
Things that are here:
a +0 hand axe {axe}; a +0 leather armour The orc warlord shouts!
You now have 261 gold pieces (gained 17).
A - 2 scrolls labelled GECZIK DOEXESHRAOV (gained 1)
You now have 265 gold pieces (gained 4).
Things that are here:
a +0 broad axe {axe}; a +0 plate armour You now have 270 gold pieces (gained 5).
Things that are here:
a +0 hand axe {axe}; a +0 leather armour
There is an open door here.
You now have 287 gold pieces (gained 17).
c - 4 boomerangs {throwing} (gained 1)
You now have 293 gold pieces (gained 6).
c - 6 boomerangs {throwing} (gained 2)
You now have 298 gold pieces (gained 5).
Things that are here:
a +0 war axe {axe}; a +0 leather armour You now have 302 gold pieces (gained 4).
c - 7 boomerangs {throwing} (gained 1);
B - a potion of mutation {!q}
A - 3 scrolls labelled GECZIK DOEXESHRAOV (gained 1)
You now have 334 gold pieces (gained 32).
A - 4 scrolls labelled GECZIK DOEXESHRAOV (gained 1)
c - 9 boomerangs {throwing} (gained 2)
There is an open door, spattered with blood here.
Items here: ))) [[[.
Things that are here:
a +0 war axe {axe}; a +0 leather armour
There is an open door here.
Things that are here:
a +0 broad axe {axe}; a +0 plate armour
As you read the scroll labelled OSHROE FOASKU, it crumbles to dust.
Wisps of shadow whirl around you...
It was a scroll of summoning.
Unknown command.
Unknown command.
You open the gate.
Your orc hits the orc warlord but does no damage.
Unknown command.
The orc warlord attacks as you move away!
The orc warlord hits you with a +3 battleaxe!!!
Ouch! That really hurt!
* * * LOW HITPOINT WARNING * * *
The orc warlord hits your gnoll with a +3 battleaxe!
The orc warlord hits your orc with a +3 battleaxe!
Your orc dies!
Your orc's corpse dissolves into shadows!
Your orc hits the orc warlord but does no damage.
Your orc drains the orc warlord.
Your gnoll hits the orc warlord with a +0 club. 😨 HP[-38]
You take 38 damage, and now have 15/53 hp.
MASSIVE DAMAGE!! (PAUSE)
Your gnoll barely misses the orc warlord.
Your gnoll hits the orc warlord with a +0 club.
Your orc hits the orc warlord but does no damage. 😨 HP[+1] Unknown command.
Okay, then.
As you read the scroll labelled GECZIK DOEXESHRAOV, it crumbles to dust.
You assume a fearsome visage.
The orc warlord looks frightened!
It was a scroll of fear.
The orc warlord hits your orc with a +3 battleaxe!!!
Your orc dies!
Your orc's corpse dissolves into shadows!
The orc warlord hits your orc with a +3 battleaxe!
Your orc dies!
Your orc's corpse dissolves into shadows!
The orc warlord hits you with a +3 battleaxe!
* * * LOW HITPOINT WARNING * * *
Your gnoll hits the orc warlord from afar with a +0 spear.
Your gnoll's attack snaps the orc warlord out of its fear. 😱 HP[-15]
You take 15 damage, and now have 1/53 hp.
MASSIVE DAMAGE!! (PAUSE)
You feel yourself speed up.
Your gnoll closely misses the orc warlord.
The orc warlord hits you with a +3 battleaxe!
You die...
Your body crumbles into a pile of gold.

Skill      XL: |  1  2  3  4  5  6  7  8 |
---------------+-------------------------+-----
Unarmed Combat | 4 |  4.1
Poison Magic   | 1 3 4 |  4.0
Spellcasting   | 3 4 6 |  6.0
Transmutations | 3 4 6 |  6.6
Ice Magic      | 2 4 5 |  5.0
Fighting       | |  1.0
Dodging        | |  2.0

Action                   |  1- 3 |  4- 6 |  7- 9 || total
-------------------------+-------+-------+-------++-------
Melee: Unarmed           |    75 |   128 |   171 ||   374
       Constrict         |    19 |    11 |     2 ||    32
       Kick              |     9 |     4 |       ||    13
       Tentacles         |     8 |     8 |     2 ||    18
       Punch             |     3 |     4 |       ||     7
 Cast: Beastly Appendage |    12 |     4 |     1 ||    17
       Spider Form       |     1 |    19 |     8 ||    28
       Wereblood         |     1 |       |     6 ||     7
       Ice Form          |       |       |     9 ||     9
Invok: Potion Petition   |       |       |     1 ||     1
 Abil: End Transformatio |       |       |     1 ||     1
  Use: Scroll            |     8 |     6 |     6 ||    20
       Potion            |     1 |     1 |     7 ||     9
 Stab: Sleeping          |     6 |     4 |       ||    10
       Distracted        |       |       |     1 ||     1
Armor: Skin              |     9 |     8 |   100 ||   117
Dodge: Dodged            |    50 |    81 |   117 ||   248

Levels and vault maps discovered:
D:1:      dpeg_arrival_snail, layout_basic, nicolae_eternal_life
D:2:      layout_loops_ring, shapermc_ecumenical_altar_rom_forum,
          minmay_worlds_worst_comb, uniq_terence, uniq_robin
D:3:      layout_basic, vehumet_altar_wand_db, st_stairs_7, minivault_4,
          minivault_23
D:4:      nicolae_cairo_tiling_large, layout_loops_ring,
          grunt_temple_overflow_gold_and_silver, nicolae_tso_carved_into_rock,
          lemuel_crystal_altar, nicolae_ru_sacrificial_ziggurat, minitemple
D:5:      layout_loops_cross, lightli_temple_of_fire, nicolae_specific_store,
          uniq_edmund
D:6:      layout_rooms, mainiacjoe_overflow_24_doors, grunt_dithmenos_smoke,
          minmay_temple_entry_mist, kennysheep_boxes
D:7:      layout_layer_cave, mainiacjoe_overflow_alcove_1, kennysheep_mini_moat,
          mainiacjoe_overflow_surrounded_room, enter_bailey_3,
          hangedman_misty_isle, uniq_menkaure
Temple:   ebering_the_one_and_only
Bailey:   bailey_axe_bossmonster_kennysheep, bailey

Notes
Turn   | Place    | Note
-------+----------+-------------------------------------------
     0 | D:1      | ytrimaz the Octopode Transmuter began the quest for the
                  | Orb.
     0 | D:1      | Reached XP level 1. HP: 13/13 MP: 3/3
     0 | D:1      | magus.rc [v1.9.6]
   653 | D:1      | Reached XP level 2. HP: 18/18 MP: 5/5
   664 | D:1      | You pick up a book of the Spheres and begin reading...
   664 | D:1      | You add the spells Iskenderun's Battlesphere, Fireball,
                  | Conjure Ball Lightning and Orb of Destruction to your
                  | library.
  1036 | D:1      | Gained mutation: You possess an exceptional clarity of
                  | mind. [potion of mutation]
  1219 | D:2      | Reached skill level 4 in Unarmed Combat
  1230 | D:2      | Reached XP level 3. HP: 23/23 MP: 4/6
  1233 | D:2      | Learned a level 2 spell: Wereblood
  1237 | D:2      | Learned a level 3 spell: Spider Form
  1302 | D:2      | Identified the +5 whip of the Secret Mouths {distort, rPois
                  | Dex+3}
  1399 | D:2      | Noticed Robin
  1417 | D:2      | Reached skill level 1 in Poison Magic
  1423 | D:2      | Killed Robin
  1722 | D:2      | Reached XP level 4. HP: 27/28 MP: 5/7
  1789 | D:2      | Found a faded altar of an unknown god.
  1802 | D:2      | Got Plato's Atlas of the Lungs
  1857 | D:2      | Noticed Terence
  1864 | D:2      | Killed Terence
  1865 | D:2      | Reached skill level 2 in Poison Magic
  2122 | D:3      | Found a radiant altar of Vehumet.
  2130 | D:3      | Reached skill level 3 in Poison Magic
  2130 | D:3      | Reached XP level 5. HP: 30/33 MP: 4/8
  2213 | D:3      | You pick up a book of Air and begin reading...
  2213 | D:3      | You add the spells Swiftness and Airstrike to your library.
  2223 | D:3      | You pick up a book of Debilitation and begin reading...
  2223 | D:3      | You add the spells Slow, Vampiric Draining and Confusing
                  | Touch to your library.
  2965 | D:4      | Reached skill level 3 in Spellcasting
  2965 | D:4      | Reached skill level 3 in Transmutations
  2965 | D:4      | Reached skill level 4 in Poison Magic
  2965 | D:4      | Reached XP level 6. HP: 37/38 MP: 8/10
  2998 | D:4      | Learned a level 4 spell: Ice Form
  3019 | D:4      | Found a glowing golden altar of the Shining One.
  3104 | D:4      | Reached skill level 1 in Ice Magic
  3264 | D:4      | Found a sacrificial altar of Ru.
  3396 | D:4      | Found an ornate altar of the Wu Jian Council.
  3460 | D:4      | Noticed a black bear
  3470 | D:4      | Killed a black bear
  3471 | D:4      | Reached skill level 2 in Ice Magic
  3552 | D:4      | Found a shimmering blue altar of Sif Muna.
  3553 | D:4      | Found a shimmering altar of Xom.
  3554 | D:4      | Found an iron altar of Okawaru.
  3706 | D:4      | Found an opulent altar of Gozag.
  3707 | D:4      | Found a glowing silver altar of Zin.
  3714 | D:4      | Became a worshipper of Gozag Ym Sagoz the Greedy
  3833 | D:4      | Reached XP level 7. HP: 43/43 MP: 9/12
  3949 | D:5      | Entered Level 5 of the Dungeon
  3949 | D:5      | Found Qyng's Specific Store.
  3972 | D:5      | Reached skill level 4 in Transmutations
  3974 | D:5      | Reached skill level 3 in Ice Magic
  3974 | D:5      | Noticed Edmund
  3992 | D:5      | Killed Edmund
  3993 | D:5      | Reached skill level 4 in Spellcasting
  4011 | D:5      | Reached skill level 4 in Ice Magic
  4011 | D:5      | Reached XP level 8. HP: 48/48 MP: 4/14
  4082 | D:5      | Found Amodexi's General Store.
  4650 | D:5      | You fall into a shaft and drop 1 floor!
  4667 | D:6      | HP: 12/48 [ogre/+0 giant club (29)]
  4728 | D:6      | Reached skill level 5 in Transmutations
  4728 | D:6      | Reached skill level 5 in Ice Magic
  4991 | D:6      | Found a shadowy altar of Dithmenos.
  5128 | D:6      | Found a hazy altar of Hepliaklqana.
  5189 | D:6      | Found a staircase to the Ecumenical Temple.
  5200 | Temple   | Entered the Ecumenical Temple
  5327 | D:6      | Reached skill level 5 in Spellcasting
  5608 | D:7      | Found a flagged portal.
  5636 | Bailey   | Entered a bailey
  5645 | Bailey   | Noticed an orc warlord
  5705 | Bailey   | Reached skill level 6 in Transmutations
  5711 | Bailey   | Found a runed translucent gate.
  5711 | Bailey   | Found a runed translucent gate.
  5714 | Bailey   | Found a runed translucent gate.
  5730 | Bailey   | HP: 13/57 [orc warrior/+0 hand axe (2)]
  5736 | Bailey   | HP: 9/72 [goblin/+0 hand axe (4)]
  5740 | Bailey   | Reached skill level 6 in Spellcasting
  5740 | Bailey   | Reached XP level 9. HP: 13/53 MP: 12/18
  5875 | Bailey   | HP: 1/53 [orc warlord/+3 battleaxe (16)]
  5876 | Bailey   | Mangled by an orc warlord

Vanquished Creatures
  Edmund (D:5)
  4 orc warriors (Bailey)
  2 black bears
  An ogre (D:6)
  A bullfrog (D:4)
  2 necrophages
  3 scorpions
  4 hounds
  A gnoll bouda (D:6)
  Terence (D:2)
  An orc wizard (D:6)
  5 iguanas (D:5)
  Robin (D:2)
  7 gnolls (D:6)
  8 adders
  A white imp (D:6)
  2 ufetubi (D:5)
  5 worms
  2 dart slugs
  5 orcs
  7 ball pythons
  3 endoplasms
  6 giant cockroaches
  20 goblins
  14 hobgoblins
  12 kobolds
  3 quokkas
  3 bats
  A frilled lizard (D:3)
  4 rats
130 creatures vanquished.

Vanquished Creatures (others)
  A gnoll (D:6)
  2 orcs (D:6)
3 creatures vanquished.

Grand Total: 133 creatures vanquished

Table legend:
 A = Non-vault XP
 B = Vault XP
 C = Vault XP percentage of total XP
 D = Non-vault monster count
 E = Vault monster count
 F = Vault count percentage of total count
                 A         B        C        D         E       F
            +---------+---------+-------+---------+---------+-------
      Total |    1660 |     798 |  32.5 |      89 |      42 |  32.1
            +---------+---------+-------+---------+---------+-------
        D:1 |      17 |       0 |   0.0 |      10 |       0 |   0.0
        D:2 |      25 |      78 |  75.7 |      13 |      16 |  55.2
        D:3 |     117 |       3 |   2.5 |      13 |       2 |  13.3
        D:4 |     454 |       0 |   0.0 |      21 |       0 |   0.0
        D:5 |     641 |     154 |  19.4 |      17 |       1 |   5.6
        D:6 |     406 |       0 |   0.0 |      15 |       0 |   0.0
        D:7 |       0 |       7 | 100.0 |       0 |       4 | 100.0
     Bailey |       0 |     556 | 100.0 |       0 |      19 | 100.0
            +---------+---------+-------+---------+---------+-------

Illustrated notes

Table legend:
 A = Kills in this place as a percentage of kills in entire the game.
 B = Kills by you in this place as a percentage of kills by you in the entire game.
 C = Kills by friends in this place as a percentage of kills by friends in the entire game.
 D = Other kills in this place as a percentage of other kills in the entire game.
 E = Experience gained in this place as a percentage of experience gained in the entire game.
 F = Experience gained in this place divided by the number of levels of this place that you have seen.
                   A       B       C       D       E      F
               +-------+-------+-------+-------+-------+----------------------
         Total | 100.0 | 100.0 |   N/A | 100.0 | 100.0 | 273.1
       Dungeon |  85.5 |  85.4 |   N/A | 100.0 |  77.4 | 271.7
        Bailey |  14.5 |  14.6 |   N/A |   0.0 |  22.6 | 556.0
               +-------+-------+-------+-------+-------+----------------------

Table legend: (Time is in decaauts)
 A = Elapsed time spent in this place.
 B = Non-inter-level travel time spent in this place.
 C = Inter-level travel time spent in this place.
 D = Time resting spent in this place.
 E = Time spent auto-exploring this place.
 F = Levels seen in this place.
 G = Mean time per level.
                   A        B        C        D        E       F      G
               +--------+--------+--------+--------+--------+-----+--------+
         Total |   5845 |   5714 |    131 |    294 |   4190 |   9 |  649.4 |
       Dungeon |   5607 |   5476 |    131 |    257 |   4190 |   7 |  801.0 |
        Temple |      1 |      1 |      0 |      0 |      0 |   1 |    1.0 |
        Bailey |    236 |    236 |      0 |     37 |      0 |   1 |  236.0 |
               +--------+--------+--------+--------+--------+-----+--------+

Top non-repeatable levels by time:
     D:4: 1193 daAuts
     D:1: 1074 daAuts
     D:5: 851 daAuts
     D:2: 837 daAuts
     D:3: 826 daAuts
     D:6: 787 daAuts
  Bailey: 236 daAuts
     D:7: 37 daAuts
  Temple: 1 daAuts
